[Event "*** Titled Tuesday Blitz"]
[Site "Chess.com"]
[Date "2018.04.03"]
[Round "10"]
[White "BartoszSocko"]
[Black "GMMatamoros"]
[Result "1-0"]
[WhiteElo "2577"]
[BlackElo "2471"]
[TimeControl "180+2"]
[EndTime "15:15:14 PDT"]
[Termination "BartoszSocko won by resignation"]

1. e4 d6 2. d4 Nf6 3. Nc3 e5 4. d5 Be7 5. g3 O-O 6. Bg2 c6 7. Nge2 cxd5 8. exd5 Na6 9. O-O Bf5 10. h3 Nb4 11. a3 Nxc2 12. Ra2 Nd4 13. Nxd4 exd4 14. Qxd4 Nd7 15. Bf4 Nc5 16. g4 Bd3 17. Rd1 Bf6 18.
Qe3 Bc4 19. Raa1 Re8 20. Qg3 Be5 21. b4 Nd7 22. Rac1 Rc8 23. Ne4 Nf6 24. Nc5 b5 25. Nb7 Qb6 26. Na5 h6 27. Bxe5 Rxe5 28. Nc6 Re2 29.
Bf3 Ree8 30. Qxd6 Qb7 31. Qc5 Ne4 32. Qxa7 Qxa7 33. Nxa7 Ra8 34. Nc6 Rxa3 35. Bxe4 Rxe4 36. d6 Re2 37. d7 Rxf2 38. d8=Q+ Kh7 39. Kxf2 1-0

[Event "*** Titled Tuesday Blitz"]
[Site "Chess.com"]
[Date "2018.04.03"]
[Round "10"]
[White "Mistheoretical"]
[Black "RojonR"]
[Result "0-1"]
[WhiteElo "2288"]
[BlackElo "2380"]
[TimeControl "180+2"]
[EndTime "15:15:51 PDT"]
[Termination "RojonR won on time"]

1. d4 Nf6 2. Bg5 e6 3. Nd2 Be7 4. e4 d6 5. Bd3 Nbd7 6. Ngf3 e5 7. c3 O-O 8. O-O b6 9. Ne1 Bb7 10. Nc2 c5 11. dxe5 Nxe5 12. Qe2 Nxd3 13. Qxd3 d5 14. Bxf6 Bxf6 15. exd5 Qxd5 16. Qxd5 Bxd5 17. Rad1 Bxa2 18. Ne3 Be6 19. Ne4 Be7 20. f4 f5 21. Nd2 Rfd8 22. Ndc4 Bf6 23. g3 g6 24. Kf2 Kf7 25. Nd6+ Ke7 26.
Nb5 Rdc8 27. Rfe1 Rc6 28. Nd5+ Kf7 29. Ndc7 Rd8 30. Nxe6 Rxe6 31. Rxd8 Bxd8 32. Nxa7 Rd6 33. Nb5 Rd2+ 34. Re2 Rd1 35. Ke3 Be7 36. Rd2 Rb1 37. Na3 Rh1 38. c4 Bf6 39. Nb5 h5 0-1

[Event "*** Titled Tuesday Blitz"]
[Site "Chess.com"]
[Date "2018.04.03"]
[Round "10"]
[White "chesstatour"]
[Black "patrisiii123"]
[Result "0-1"]
[WhiteElo "1985"]
[BlackElo "2257"]
[TimeControl "180+2"]
[EndTime "15:15:54 PDT"]
[Termination "patrisiii123 won by resignation"]

1. c4 c5 2. Nf3 Nf6 3. d4 cxd4 4. Nxd4 d6 5. Nc3 e6 6. g3 Be7 7. Bg2 O-O 8. O-O a6 9. b3 Qc7 10. Bb2 Nc6 11. Rc1 Nxd4 12. Qxd4 Bd7 13. Rfd1 Rfd8 14. e4 Rac8 15. h3 Qb8 16. Kh2 h5 17. Qe3 b5 18.
cxb5 axb5 19. Ne2 e5 20. Bf3 Be6 21. Nc3 Qa8 22. a4 Bxb3 23. Rd2 bxa4 24. Ba3 Bf8 25. Nd5 Nxd5 26. exd5 Rxc1 27. Bxc1 Rc8 28. Ba3 g6 29. Qg5 Qa5 30. Bxh5 Be7 31. Qxe7 Qxd2 32. Kg2 Bxd5+ 33. Bf3 Bxf3+ 34. Kxf3 Qd3+ 35. Kg2 Qxa3 36. h4 Qc5 37. h5 Qd5+ 38. Kh2 Qe6 39. Qg5 Qf5 40. Qe7 Qxh5+ 41. Kg2 Qf5 42. Qxd6 Rc2 43. Qd8+ Kg7 0-1

[Event "*** Titled Tuesday Blitz"]
[Site "Chess.com"]
[Date "2018.04.03"]
[Round "10"]
[White "Zufi1811"]
[Black "SergeiAza"]
[Result "0-1"]
[WhiteElo "2457"]
[BlackElo "2663"]
[TimeControl "180+2"]
[EndTime "15:16:00 PDT"]
[Termination "SergeiAza won on time"]

1. e4 c5 2. Nf3 Nc6 3. Bb5 e6 4. O-O Nge7 5. Re1 Nd4 6. Bf1 Nxf3+ 7. Qxf3 Nc6 8. c3 g6 9. d3 Bg7 10. Bf4 d6 11. Nd2 O-O 12. Nc4 e5 13. Bd2 f5 14.
exf5 Ne7 15. f6 Rxf6 16. Qe2 Rf7 17. a4 Nc6 18. g3 Be6 19. Bg2 Qd7 20. a5 Raf8 21.
Rf1 d5 22. Ne3 h6 23. h4 h5 24. Kh2 Kh7 25. Qe1 Bh6 26. c4 dxc4 27. dxc4 Nd4 28. Rd1 Nf3+ 29. Bxf3 Rxf3 30. Nd5 Bg7 31. Bc3 Qf7 32.
Rd2 Qf5 33. Kg1 Rf7 34. Re2 Qd3 35. Bxe5 Bxe5 36. Rxe5 Bh3 37. Re3 Qxf1+ 38. Qxf1 Bxf1 39. Kxf1 Rxf2+ 40. Kg1 Rxb2 41. Nf4 b5 42. axb6 axb6 43. Re6 Ra7 0-1

[Event "*** Titled Tuesday Blitz"]
[Site "Chess.com"]
[Date "2018.04.03"]
[Round "10"]
[White "Karina_Oparina"]
[Black "DrZeiss"]
[Result "1-0"]
[WhiteElo "2138"]
[BlackElo "2200"]
[TimeControl "180+2"]
[EndTime "15:16:10 PDT"]
[Termination "Karina_Oparina won on time"]

1. d4 Nf6 2. Nf3 c5 3. d5 e6 4. Nc3 a6 5. a4 exd5 6. Nxd5 Nxd5 7. Qxd5 Nc6 8. e4 d6 9. Be2 Be6 10. Qd2 d5 11. Ng5 dxe4 12. Nxe6 fxe6 13. Qxd8+ Rxd8 14. c3 Ne5 15. O-O Nd3 16. Bg5 Be7 17. Be3 c4 18. f3 exf3 19. Bxf3 Bc5 20. Bxc5 Nxc5 21. a5 Ke7 22.
Rfd1 Rxd1+ 23. Rxd1 Rd8 24. Rxd8 Kxd8 25. Kf2 Kc7 26.
Be2 Na4 27. Bxc4 e5 28. Bg8 h6 29. Ke3 Nxb2 30. Ke4 Kd6 31. Bd5 Na4 32. Bc4 Nxc3+ 33. Kf5 e4 34. Kf4 Kc5 35. Be6 Kd4 36. Bc8 e3 37.
Kf3 e2 38. Kf2 Kd3 39. Ke1 Ke3 40. Bxb7 Nb1 41. Bxa6 Nc3 42. Bc4 Na4 43. Bxe2 Nc5 44. Bc4 Kd4 45. a6 Kxc4 46. a7 Nd3+ 47. Kf1 1-0

[Event "*** Titled Tuesday Blitz"]
[Site "Chess.com"]
[Date "2018.04.03"]
[Round "10"]
[White "GMKrikor"]
[Black "Patzel09"]
[Result "0-1"]
[WhiteElo "2654"]
[BlackElo "2581"]
[TimeControl "180+2"]
[EndTime "15:16:12 PDT"]
[Termination "Patzel09 won by resignation"]

1. e4 d5 2. exd5 Qxd5 3. Nc3 Qa5 4. d4 Nf6 5. Nf3 Bf5 6. Bc4 e6 7. Bd2 Bb4 8. a3 Bxc3 9. Bxc3 Qb6 10. Qe2 O-O 11. O-O Nc6 12. b3 Be4 13. Rad1 Rad8 14. Ng5 Bd5 15. Bd3 h6 16. Nh3 Kh8 17. Qe3 Ne7 18. Nf4 Nf5 19. Bxf5 exf5 20. f3 Rfe8 21.
Qf2 c6 22. Bb2 Bc4 23. Rfe1 Ba6 24. Rxe8+ Rxe8 25. Re1 Rxe1+ 26. Qxe1 Qd8 27. Qe5 Nd5 28. Qxf5 Qe8 29. h3 Qe3+ 30. Kh1 Qxf4 31. Qxf4 Nxf4 32.
Kg1 b5 33. Kf2 Nd5 34. Bc1 Kg8 35. Bd2 f5 36. h4 f4 37. g3 fxg3+ 38. Kxg3 Kf7 39.
Kg4 Bc8+ 40. Kg3 Nb6 41. Kf2 Bf5 42. c3 Bc2 43. b4 Nc4 44. Bc1 a5 45. bxa5 Nxa5 46.
Ke3 Nc4+ 47. Kf4 Kf6 48. Kg4 Bd1 49. Kf4 g6 50. Kg3 h5 51. Kf4 Nb6 52. Bd2 Nd5+ 53.
Kg3 Kf5 54. Kf2 Nb6 55. Kg3 Nc4 56. Bc1 Bc2 57. Kf2 Nb6 58. Bd2 Nd5 59. Kg3 Bb1 60. Kf2 Nf4 61. Kg3 Ne6 62. Bc1 Ba2 63. Bd2 Bd5 64. Bc1 g5 65. hxg5 Nxg5 66. Kh4 Nxf3+ 67. Kxh5 Ke4 68. Kg4 Kd3 0-1

[Event "*** Titled Tuesday Blitz"]
[Site "Chess.com"]
[Date "2018.04.03"]
[Round "10"]
[White "PchelkinVK"]
[Black "olomi007"]
[Result "1-0"]
[WhiteElo "2420"]
[BlackElo "2547"]
[TimeControl "180+2"]
[EndTime "15:16:17 PDT"]
[Termination "PchelkinVK won by checkmate"]

1. d4 Nf6 2. Nc3 d5 3. Bf4 a6 4. Nf3 e6 5. a3 c5 6. e3 b5 7. Be2 Bb7 8. O-O Nbd7 9. Ne5 Be7 10. Bf3 O-O 11. Ne2 Nxe5 12. Bxe5 Bd6 13. Bxd6 Qxd6 14.
dxc5 Qxc5 15. c3 a5 16. Qd4 Rfc8 17. Nf4 Qd6 18. Nd3 Nd7 19. Qf4 e5 20. Qg3 Qe6 21. Be2 Re8 22. Rfd1 Nf6 23. Nc5 Qc6 24.
b4 Bc8 25. a4 bxa4 26. Rxa4 Bf5 27. Rda1 Nd7 28. Rxa5 Nxc5 29. bxc5 Rab8 30. h3 h6 31.
Bf3 Bd3 32. Bd1 Re7 33. Ba4 Qc7 34. Bd1 Bb5 35. Bf3 Qxc5 36. Be2 Qxc3 37. Bxb5 Rxb5 38. Ra8+ Kh7 39. Qg4 Rb6 40. Qf5+ Rg6 41. Rb1 Qc7 42. Rbb8 Qxb8 43. Rxb8 d4 44. exd4 exd4 45. h4 h5 46. Rd8 d3 47. Rxd3 Re1+ 48. Kh2 Re7 49. Rg3 Kh6 50. Rg5 Ree6 51. Rxh5# 1-0

[Event "*** Titled Tuesday Blitz"]
[Site "Chess.com"]
[Date "2018.04.03"]
[Round "10"]
[White "Al_Shima"]
[Black "LastHeroJr"]
[Result "1-0"]
[WhiteElo "2308"]
[BlackElo "2426"]
[TimeControl "180+2"]
[EndTime "15:16:33 PDT"]
[Termination "Al_Shima won on time"]

1. b3 d5 2. Bb2 Bg4 3. g3 Nd7 4. Bg2 Ngf6 5. h3 Bh5 6. g4 Bg6 7.
g5 Ne4 8. h4 Bh5 9. d3 Nd6 10.
Bxd5 c6 11. Bf3 Bxf3 12. Nxf3 h6 13. Qd2 hxg5 14. Qxg5 e6 15. Qxd8+ Rxd8 16. Nbd2 f6 17. O-O-O Kf7 18. Rdg1 Be7 19. e4 Rh5 20. Rg4 Rdh8 21. Rhg1 R8h7 22. Nf1 Ne8 23. Bd4 Ba3+ 24. Kd1 Ra5 25.
Bc3 Ra6 26. b4 Ra4 27. N1d2 e5 28. Nc4 Bxb4 29. Bxb4 Rxb4 30. Kd2 b5 31. Na5 c5 32. Nc6 Ra4 33. Rb1 a6 34. Rb2 Nd6 35. h5 Rh8 36. h6 Rxh6 37. Nd8+ Ke7 38. Nc6+ Kf8 39. Nd8 Ne8 40. Ne6+ Kf7 41. Nd8+ Ke7 42. Nc6+ Kd6 43. Nd8 Rh3 44. Nh4 Nf8 45. Nb7+ Kc6 46. Nd8+ Kd7 47.
Nb7 1-0

[Event "*** Titled Tuesday Blitz"]
[Site "Chess.com"]
[Date "2018.04.03"]
[Round "10"]
[White "djano"]
[Black "Kimster98"]
[Result "1/2-1/2"]
[WhiteElo "2460"]
[BlackElo "2592"]
[TimeControl "180+2"]
[EndTime "15:16:35 PDT"]
[Termination "Game drawn by stalemate"]

1. e4 e5 2. Nf3 Nc6 3. Nc3 Nf6 4. d4 exd4 5. Nxd4 Bb4 6. Nxc6 bxc6 7. Bd3 O-O 8. O-O d5 9. exd5 cxd5 10. h3 c6 11. Qf3 Re8 12. Bf4 Qe7 13. Ne2 Bd6 14.
Nd4 Bd7 15. Bxd6 Qxd6 16. Nf5 Bxf5 17. Bxf5 Rab8 18. b3 c5 19. Rad1 d4 20. c3 Rbd8 21.
cxd4 cxd4 22. Rd3 Qd5 23. Qxd5 Rxd5 24. Bg4 Nxg4 25. hxg4 Re2 26. a4 Rb2 27. Rfd1 g6 28. R1d2 Rb1+ 29. Kh2 Kf8 30. Rxd4 Rxd4 31. Rxd4 Rxb3 32.
Rd7 a5 33. Ra7 Rb4 34. Rxa5 Rxg4 35. Ra8+ Kg7 36. a5 Ra4 37. Kg3 h5 38. f3 g5 39. Ra6 Ra2 40. Kh3 f5 41. g3 Rf2 42.
f4 gxf4 43. gxf4 Rxf4 44. Rb6 Ra4 45. a6 Kf7 46. Rh6 Kg7 47. Rb6 f4 48. Kg2 Ra3 49. Rb4 Rxa6 50. Rxf4 Kg6 51. Kh2 Kg5 52. Rf8 Ra2+ 53.
Kh3 Ra3+ 54. Kh2 Ra2+ 55. Kh3 Ra3+ 56. Kh2 Kg4 57. Rg8+ Kh4 58. Rb8 Ra2+ 59. Kh1 Re2 60. Rb4+ Kg3 61. Rb3+ Kg4 62. Rb4+ Kh3 63. Rb3+ Kg4 64.
Rb4+ Kf3 65. Rb3+ Kf4 66. Rb4+ Re4 67. Rxe4+ Kxe4 68. Kh2 Kf4 69. Kh3 Kg5 70. Kh2 h4 71.
Kh1 Kh5 72. Kh2 Kg4 73. Kh1 Kg3 74. Kg1 Kh3 75. Kh1 Kg3 76. Kg1 h3 77. Kh1 Kg4 78.
Kg1 Kh4 79. Kh1 Kg4 80. Kg1 Kg3 81. Kh1 h2 1/2-1/2

[Event "*** Titled Tuesday Blitz"]
[Site "Chess.com"]
[Date "2018.04.03"]
[Round "10"]
[White "murmah2003"]
[Black "XDPS"]
[Result "1-0"]
[WhiteElo "2463"]
[BlackElo "2594"]
[TimeControl "180+2"]
[EndTime "15:16:46 PDT"]
[Termination "murmah2003 won on time"]

1. d4 d5 2. c4 e6 3. Nc3 Nf6 4. Nf3 Nbd7 5. Bf4 dxc4 6. e3 b5 7. Nxb5 Nd5 8. Nc3 Bb4 9. a3 Ba5 10. Bxc4 Nxc3 11. Qd2 Nb6 12. Bd3 Nbd5 13. O-O O-O 14.
Rac1 Na2 15. Qxa5 Nxc1 16. Rxc1 Nxf4 17. exf4 Bb7 18. Bxh7+ Kxh7 19. Qh5+ Kg8 20. Ng5 Be4 21. Nxe4 Qxd4 22. Ng5 Qd3 23. Rd1 Qc2 24. h3 Rab8 25. Rd2 Qb1+ 26. Kh2 Rb5 27. Rd8 Rxg5 28. Rxf8+ Kxf8 29. Qxg5 f6 30. Qc5+ Kg8 31. Qxc7 Qxb2 32. Qxa7 Kh7 33.
Qe3 Qa2 34. Qd3+ Kg8 35. Qe3 Kf7 36. h4 Qd5 37. g3 Qh5 38. Qa7+ Kg6 39. a4 Qd5 40. a5 Qa2 41. a6 e5 42. fxe5 fxe5 43.
Qb6+ Kh7 44. a7 e4 45. Qe3 Kh8 46. Qb6 Kh7 47. Qd4 Kh8 48. Kg2 e3 49. Qd8+ Kh7 50. Qd3+ g6 51. Qxe3 Qd5+ 52. Qf3 1-0

[Event "*** Titled Tuesday Blitz"]
[Site "Chess.com"]
[Date "2018.04.03"]
[Round "10"]
[White "Manukyan_Artak"]
[Black "WinnerOleg"]
[Result "0-1"]
[WhiteElo "2363"]
[BlackElo "2347"]
[TimeControl "180+2"]
[EndTime "15:16:48 PDT"]
[Termination "WinnerOleg won by checkmate"]

1. e4 Nf6 2. Nc3 d5 3. exd5 Nxd5 4. Bc4 Nb6 5. Bb3 e6 6. d4 Be7 7. Nf3 O-O 8. h4 a5 9. a3 a4 10. Ba2 c5 11. dxc5 Bxc5 12. Bg5 f6 13. Qxd8 Rxd8 14.
Bf4 Kf8 15. O-O e5 16. Be3 Na6 17. Ne4 Bxe3 18. fxe3 Ke7 19. Ng3 Be6 20. e4 Bxa2 21. Rxa2 Ke6 22. Nf5 g6 23. Ne3 Nc5 24. Nd5 Nxd5 25.
exd5+ Rxd5 26. h5 Rad8 27. b4 axb3 28. cxb3 Nxb3 29. Rb2 Nc5 30. hxg6 hxg6 31. Rb6+ R8d6 32. Rxd6+ Rxd6 33. Rb1 e4 34. Ne1 Rd2 35. Rb5 Kd5 36. Rb6 Ke5 37. Rb5 Rd5 38. Nc2 Ne6 39. Rxb7 f5 40. Nb4 Rd1+ 41. Kf2 f4 42. Rb5+ Kf6 43. Nd5+ Kg7 44. Rb6 Rxd5 45. Rxe6 Rd2+ 46. Kf1 e3 47. Re4 g5 48. g3 Rf2+ 49. Kg1 Kf6 50. gxf4 gxf4 51. a4 Kf5 52. Re8 Kg4 53. a5 Kf3 54. a6 Rg2+ 55. Kf1 Ra2 56. Re6 Ra1# 0-1

[Event "*** Titled Tuesday Blitz"]
[Site "Chess.com"]
[Date "2018.04.03"]
[Round "10"]
[White "AndrewDGreen"]
[Black "indfraeng"]
[Result "1-0"]
[WhiteElo "2122"]
[BlackElo "1830"]
[TimeControl "180+2"]
[EndTime "15:16:50 PDT"]
[Termination "AndrewDGreen won by checkmate"]

1. d4 Nf6 2. Nf3 e6 3. Bf4 c5 4. e3 d5 5. c3 Nc6 6. Nbd2 Bd6 7.
Bg3 O-O 8. Bd3 b6 9. Ne5 Qc7 10. f4 Bb7 11. O-O Ne7 12. Qb1 g6 13. Bh4 Kg7 14.
Bxf6+ Kxf6 15. g4 Bxe5 16. fxe5+ Kg7 17. Qe1 f5 18. exf6+ Rxf6 19. Rxf6 Kxf6 20. Qh4+ Kg7 21. Rf1 Ng8 22. Qg5 Rf8 23. Rxf8 Kxf8 24. Nf3 cxd4 25. exd4 Qe7 26. Qf4+ Qf7 27. Qb8+ Kg7 28. Ne5 Qe7 29.
Qxa7 Nh6 30. Qxb6 Nf7 31. a4 Nxe5 32. dxe5 Bc8 33. Qf2 Qg5 34. Qf6+ Qxf6 35. exf6+ Kxf6 36. a5 Bb7 37. b4 Ke5 38. b5 Kd6 39. a6 Ba8 40. b6 Kc6 41. b7 Bxb7 42. axb7 Kxb7 43. Kf2 Kc6 44. Ke3 e5 45. c4 Kd6 46. cxd5 Kxd5 47. Bb1 Ke6 48. g5 Kd6 49. Ke4 Ke6 50. Ba2+ Ke7 51. Kxe5 Kf8 52. Kf6 Ke8 53. Kg7 Ke7 54.
Kxh7 Kf8 55. Kxg6 Ke7 56. h4 Kf8 57. h5 Ke7 58. h6 Kf8 59. h7 Ke7 60. h8=Q Kd6 61.
Qf6+ Kc5 62. Kf5 Kb4 63. g6 Ka3 64. g7 Kxa2 65. g8=Q+ Kb1 66. Qb3+ Kc1 67. Qfb2# 1-0

[Event "*** Titled Tuesday Blitz"]
[Site "Chess.com"]
[Date "2018.04.03"]
[Round "10"]
[White "ChessQueen"]
[Black "RichardABates"]
[Result "1/2-1/2"]
[WhiteElo "2633"]
[BlackElo "2298"]
[TimeControl "180+2"]
[EndTime "15:16:54 PDT"]
[Termination "Game drawn by agreement"]

1. Nf3 Nf6 2. g3 g6 3. Bg2 Bg7 4. O-O O-O 5. d4 d6 6. c4 c6 7.
Nc3 Qb6 8. e4 Bg4 9. Rb1 e5 10.
Be3 Qb4 11. Qd3 Nbd7 12. d5 cxd5 13. cxd5 Nc5 14. Bxc5 Qxc5 15. b4 Qb6 16. h3 Bxf3 17. Bxf3 Rfc8 18. Rfc1 Bh6 19. Rc2 Qd4 20. Be2 a6 21. b5 Rc5 22. bxa6 bxa6 23. Rbb2 Rac8 24. Nd1 Rxc2 25. Rxc2 Rxc2 26. Qxc2 Nxe4 27. Bxa6 Nxg3 28. Kg2 Nh5 29. Bc4 Nf4+ 30. Kf1 Nxh3 31. a4 Ng5 32. a5 Nf3 33. Bd3 Nd2+ 34. Ke1 Qxd5 35. Ne3 Bxe3 36. fxe3 Qxa5 37. Qxd2 Qxd2+ 38. Kxd2 d5 39. Bb5 Kg7 40.
Bc6 d4 41. exd4 exd4 42. Kd3 Kf6 43. Kxd4 Kf5 44. Ke3 h5 45. Kf3 g5 46. Be8 Kg6 47. Kg3 Kf6 48. Kf3 Ke7 49. Bc6 f5 50. Kg3 Kf6 51.
Bd7 Ke5 52. Be8 h4+ 53. Kh3 Kf4 54. Bd7 Ke4 55. Bc8 f4 56. Kg4 h3 57. Kxh3 Kf3 58. Bb7+ Kf2 59. Kg4 f3 1/2-1/2

[Event "*** Titled Tuesday Blitz"]
[Site "Chess.com"]
[Date "2018.04.03"]
[Round "10"]
[White "GMHess"]
[Black "Zaven_ChessMood"]
[Result "0-1"]
[WhiteElo "2563"]
[BlackElo "2832"]
[TimeControl "180+2"]
[EndTime "15:17:04 PDT"]
[Termination "Zaven_ChessMood won by resignation"]

1. d4 Nf6 2. c4 c5 3. d5 b5 4. cxb5 a6 5. b6 d6 6. g3 Nbd7 7. Bg2 Nxb6 8. Nc3 g6 9. Nf3 Bg7 10. O-O O-O 11. e4 Bg4 12. h3 Bxf3 13. Qxf3 Nfd7 14. Qe2 c4 15. Be3 Ne5 16. Rab1 Rb8 17. b3 Qc7 18. Rfc1 Rfc8 19. Nd1 Nd3 20. Rc2 Nb4 21.
Bxb6 Qxb6 22. Rxc4 Qa5 23. a4 h5 24. Bf1 Qb6 25. Qe3 Qd8 26. Qd2 Rxc4 27. Bxc4 Qb6 28. Ne3 Rc8 29. Rd1 Bh6 30. Kg2 Kh7 31. f4 Rg8 32.
Qf2 Qc5 33. Rf1 Qd4 34. Qf3 a5 35. Rf2 Rb8 36. g4 Nd3 37. Bxd3 Qxd3 38. gxh5 Rxb3 39.
hxg6+ fxg6 40. Ng4 Qc4 41. Qe2 Qxe2 42. Rxe2 Bxf4 43. Rc2 Rg3+ 44. Kf2 Rxh3 45. Rc7 Bg5 46. Ra7 Bh4+ 47. Ke2 Rg3 48. Ne3 Kh6 49. Nc4 Bf6 50.
Rxa5 Kg5 51. Ra8 Kf4 52. Nd2 Re3+ 53. Kd1 g5 54. a5 g4 55. a6 Ra3 56. Ke2 Ra2 57. Kd3 g3 58. a7 Ra3+ 59. Kc4 g2 60.
Rg8 Bg5 61. Nf3 Kxf3 62. Rxg5 Rxa7 63. Kd4 Ra1 64. e5 Rd1+ 0-1

[Event "*** Titled Tuesday Blitz"]
[Site "Chess.com"]
[Date "2018.04.03"]
[Round "10"]
[White "Hikaru"]
[Black "AkshatChandra"]
[Result "1/2-1/2"]
[WhiteElo "2978"]
[BlackElo "2823"]
[TimeControl "180+2"]
[EndTime "15:17:16 PDT"]
[Termination "Game drawn by repetition"]

1. Nf3 Nf6 2. d4 d5 3. c4 e6 4. Nc3 c5 5. cxd5 Nxd5 6. e4 Nxc3 7. bxc3 cxd4 8. cxd4 Bb4+ 9. Bd2 Bxd2+ 10. Qxd2 O-O 11.
Bc4 Nd7 12. O-O b6 13. Qe3 Bb7 14. e5 Rc8 15. Bd3 Bxf3 16. Qxf3 Nb8 17. Rfd1 Nc6 18. Be4 Ne7 19. d5 Nxd5 20. Bxd5 exd5 21. Rxd5 Qe7 22. g3 Rfd8 23. Rad1 Rxd5 24. Rxd5 g6 25. h4 h5 26. Qd3 Rc5 27. a4 Qe6 28. Rxc5 bxc5 29. Qd8+ Kg7 30. Qc7 c4 31. Qc5 Qa6 32. a5 Qe6 33. Qd4 Kg8 34. Qd8+ Kg7 35. Qc7 Qd5 36. a6 Qd1+ 37. Kg2 Qd5+ 38.
Kg1 Qd1+ 39. Kh2 Qd4 40. Kg1 Qa1+ 41. Kg2 Qxa6 42. Kf3 Qe6 43. Kg2 a6 44. Qc5 Qg4 45. Qc6 Qe6 46. Qc5 a5 47. Qxa5 Qc6+ 48. Kh2 c3 49. e6 fxe6 50. Qe5+ Kf7 51. Qf4+ Ke8 52. Qb8+ Kd7 53. Qa7+ Qc7 54. Qa4+ Ke7 55.
Qc2 Kf7 56. Kg1 Qc5 57. Kh2 Qd4 58. Qa2 Qd2 59. Qa7+ Kf6 60. Qc5 c2 61. Qf8+ Ke5 62. Qc5+ Ke4 63. Qc6+ Kd3 64. Qb5+ Ke4 65. Qc6+ Ke5 66. Qc5+ Ke4 67. Qc6+ 1/2-1/2

[Event "*** Titled Tuesday Blitz"]
[Site "Chess.com"]
[Date "2018.04.03"]
[Round "10"]
[White "petrpalachev"]
[Black "pedromartinez91"]
[Result "1-0"]
[WhiteElo "2605"]
[BlackElo "2375"]
[TimeControl "180+2"]
[EndTime "15:17:17 PDT"]
[Termination "petrpalachev won on time"]

1. d4 Nf6 2. Nf3 g6 3. Bg5 Ne4 4. h4 c5 5. Nbd2 Nxg5 6. hxg5 cxd4 7. Nxd4 Bg7 8. N2f3 Nc6 9. e3 Qb6 10. Rb1 Nxd4 11.
Nxd4 Qa5+ 12. c3 Qxg5 13. g3 O-O 14. Bg2 d6 15. a4 Bg4 16. Qb3 Rab8 17. Qb5 Qf6 18. O-O a6 19. Qd3 Bd7 20. a5 Rfc8 21. Rbc1 Qg5 22. b4 d5 23. Rfd1 e6 24. Nf3 Qe7 25. Nd4 Rc7 26. e4 Ba4 27. Re1 dxe4 28. Bxe4 Rbc8 29. Kg2 Qd8 30. Qe3 Bxd4 31. cxd4 Bc6 32.
Rc5 Qd6 33. Rec1 Bxe4+ 34. Qxe4 Rxc5 35. bxc5 Qc6 36. Kf3 Kf8 37. Rb1 Qxe4+ 38. Kxe4 Rc7 39. g4 Ke7 40. g5 Kd7 41. Ke5 Ke7 42. f4 Rd7 43. Rb6 Rd5+ 44. Ke4 Rd7 45. Ke5 Rd5+ 46. Ke4 Rd7 47. c6 bxc6 48. Rxc6 Ra7 49. Ke5 Ra8 50. Rc7+ Ke8 51. Kf6 Rd8 52. Re7+ Kf8 53. Rxf7+ Kg8 54. Rg7+ Kh8 55. Re7 Rf8+ 56. Rf7 Rd8 57.
Ra7 h5 58. gxh6 Rxd4 59. Kxg6 Rd8 60. Rxa6 Rf8 61. Rxe6 Rxf4 62. Re8+ 1-0

[Event "*** Titled Tuesday Blitz"]
[Site "Chess.com"]
[Date "2018.04.03"]
[Round "10"]
[White "FMJoseHerrera"]
[Black "kasparik_garik"]
[Result "0-1"]
[WhiteElo "2491"]
[BlackElo "2522"]
[TimeControl "180+2"]
[EndTime "15:17:21 PDT"]
[Termination "kasparik_garik won by resignation"]

1. Nf3 Nf6 2. g3 g6 3. Bg2 Bg7 4. d4 O-O 5. h4 d6 6. Nc3 Bg4 7. Bg5 Nc6 8. Qd2 e5 9. d5 Ne7 10. Bh6 c6 11. Bxg7 Kxg7 12. dxc6 bxc6 13. Rd1 Bxf3 14.
Bxf3 d5 15. h5 e4 16. hxg6 fxg6 17. Qh6+ Kg8 18. Nxe4 Qa5+ 19. Nc3 Nf5 20. Qg5 Qb4 21. Qc1 Rab8 22. g4 Nd4 23. g5 Nxf3+ 24. exf3 Rbe8+ 25. Kf1 Nh5 26. a3 Qc4+ 27. Rd3 Nf4 28. Qd2 Nxd3 29.
cxd3 Qf4 30. Qxf4 Rxf4 31. Kg2 Rf5 32. Rc1 Rxg5+ 33. Kf1 Rh5 34. Kg2 Rg5+ 35. Kf1 h5 36.
Ne2 h4 37. Rxc6 h3 38. Ng3 Rxg3 39. fxg3 Re1+ 40. Kxe1 h2 41. Rxg6+ Kh7 42. Ra6 h1=Q+ 43.
Kd2 Qg1 44. b4 d4 45. Rxa7+ Kg6 46. Re7 Qa1 47. Re6+ Kf7 48. Re4 Qc3+ 49. Ke2 Qc2+ 50. Ke1 Qxd3 51. Re2 Qc3+ 52. Rd2 Ke6 53. b5 Kd5 54. b6 Qxa3 55. b7 Qb4 56. g4 Qxb7 57. Kf2 Qb4 58. Ke2 Qb5+ 59. Rd3 Kc4 60. f4 Qd5 61.
Rf3 Qe4+ 62. Kf2 d3 63. Re3 Qxf4+ 64. Rf3 Qxg4 65. Ke3 Qg5+ 0-1

[Event "*** Titled Tuesday Blitz"]
[Site "Chess.com"]
[Date "2018.04.03"]
[Round "10"]
[White "Bad4life"]
[Black "Alopekos"]
[Result "0-1"]
[WhiteElo "2370"]
[BlackElo "2340"]
[TimeControl "180+2"]
[EndTime "15:17:31 PDT"]
[Termination "Alopekos won by checkmate"]

1. e4 e5 2. Nf3 Nc6 3. Bc4 Nf6 4. d3 Be7 5. a4 O-O 6. O-O d6 7. a5 a6 8. c3 Be6 9. Nbd2 Qd7 10. Re1 Rad8 11. Qb3 Qc8 12. Nf1 Bxc4 13. Qxc4 d5 14.
exd5 Rxd5 15. Ne3 Rxa5 16. Rxa5 Nxa5 17. Qh4 Nc6 18. h3 Rd8 19. Qc4 Qd7 20. Ng5 Bf8 21. Nf5 h6 22. Nxh6+ gxh6 23. Nf3 Qxd3 24. Qh4 Qg6 25.
Be3 Nd5 26. Nxe5 Nxe5 27. Qxd8 Nf3+ 28. Kf1 Nxe1 29. Bc5 Qxg2+ 30. Kxe1 Qh1+ 31. Kd2 Kh7 32. Qxf8 Qf3 33. Qc8 Qf4+ 34. Kd1 Qf3+ 35. Kc2 Qe2+ 36. Kc1 Qe1+ 37. Kc2 Qe2+ 38. Kb3 Qb5+ 39. Bb4 Nxb4 40. cxb4 a5 41. Qxc7 Qxb4+ 42. Ka2 Qa4+ 43. Kb1 Qd1+ 44. Ka2 Qa4+ 45. Kb1 Qe4+ 46. Ka2 Qd5+ 47. Ka1 Kg6 48. h4 Kh5 49. Qg3 Qd1+ 50. Ka2 Qa4+ 51. Kb1 Qxh4 52. Qf3+ Kg6 53. Qxb7 Qxf2 54. Qa6+ Qf6 55. Qa7 Qf5+ 56.
Ka1 h5 57. Qg1+ Qg5 58. Qb1+ Qf5 59. Qg1+ Qg4 60. Qb1+ f5 61. Qe1 Qa4+ 62. Kb1 Qe4+ 63. Qxe4 fxe4 64. Kc2 h4 65. Kb3 h3 66. Ka4 h2 67.
Kxa5 h1=Q 68. b4 e3 69. b5 e2 70. b6 e1=Q+ 71. Ka6 Qa8+ 72. Kb5 Qee8+ 73. Kc5 Qec6+ 74. Kd4 Qxb6+ 75. Ke5 Qaa5+ 76. Kf4 Qbb4+ 77. Kg3 Qaa3+ 78. Kf2 Qbb2+ 79. Kg1 Qaa1# 0-1

[Event "*** Titled Tuesday Blitz"]
[Site "Chess.com"]
[Date "2018.04.03"]
[Round "10"]
[White "Jbd735"]
[Black "nicegg"]
[Result "1/2-1/2"]
[WhiteElo "2223"]
[BlackElo "1897"]
[TimeControl "180+2"]
[EndTime "15:17:48 PDT"]
[Termination "Game drawn by repetition"]

1. e4 e5 2. Nf3 Nc6 3. Bb5 Nd4 4. Nxd4 exd4 5. O-O Qh4 6. d3 Nf6 7. Nd2 a5 8. Nf3 Qh5 9. Nxd4 Qxd1 10. Rxd1 c6 11. Bc4 b5 12. Nxb5 cxb5 13. Bxb5 Ba6 14. a4 Bxb5 15.
axb5 Kd8 16. Bd2 a4 17. Ra2 Kc7 18. Rda1 Kb6 19. c4 a3 20. bxa3 Ra4 21. e5 Ng4 22.
Bc3 Be7 23. h3 Nh6 24. g4 Rha8 25. Bb2 f5 26. f3 g6 27. Kf2 Nf7 28. Ke3 Nd8 29.
gxf5 gxf5 30. Rc1 Ne6 31. d4 Bxa3 32. Rca1 Bxb2 33. Rxa4 Bxd4+ 34. Kd2 Rxa4 35. Rxa4 Bxe5 36. Ra8 Kc5 37. Rc8+ Kd4 38. b6 Nc5 39. Rf8 f4 40.
Rf7 Kxc4 41. Rxh7 Kd5 42. b7 Nxb7 43. Rxd7+ Nd6 44. h4 Ke6 45. Ra7 Nf5 46. h5 Nd4 47. Ra3 Kf5 48. Rd3 Kg5 49. Ke1 Kxh5 50. Kf2 Kg5 51. Ra3 Kf5 52. Ra8 Nc2 53. Rf8+ Ke6 54.
Re8+ Kd5 55. Rd8+ Kc4 56. Rc8+ Kd3 57. Re8 Bd4+ 58. Kf1 Ne3+ 59. Kg1 Ke2 60. Rd8 Nf5+ 61. Kg2 Ne3+ 62. Kh3 Be5 63. Re8 Nc4 64. Kg4 Ke3 65. Rc8 Kd4 66. Rd8+ Kc5 67. Rf8 Ne3+ 68. Kg5 Kd4 69. Rxf4+ Bxf4+ 70. Kxf4 Nd5+ 71. Kf5 Ke3 72. Kg4 Nf4 73. Kg3 Ne2+ 74. Kg4 Nf4 75. Kg3 Ne2+ 76.
Kg4 Nf4 77. Kg3 1/2-1/2

[Event "*** Titled Tuesday Blitz"]
[Site "Chess.com"]
[Date "2018.04.03"]
[Round "10"]
[White "Chesscoach_Golichenko"]
[Black "SmoothAsAHedgehog"]
[Result "1-0"]
[WhiteElo "2504"]
[BlackElo "2567"]
[TimeControl "180+2"]
[EndTime "15:17:55 PDT"]
[Termination "Chesscoach_Golichenko won by resignation"]

1. d4 Nf6 2. c4 e6 3. Nc3 Bb4 4. Qc2 b6 5. e4 c5 6. d5 exd5 7.
exd5 Qe7+ 8. Ne2 d6 9. Be3 O-O 10. h3 b5 11. a3 Bxc3+ 12. Nxc3 bxc4 13. Bxc4 Nbd7 14. O-O Nb6 15. Ba2 Bb7 16. Rad1 Rfe8 17. Rfe1 Qc7 18. Bg5 Rxe1+ 19. Rxe1 Re8 20. Rd1 Nfd7 21. Bb1 Nf8 22. Bf4 a6 23. Qb3 Nbd7 24. Ne4 Ne5 25. Qg3 Nfg6 26. h4 Nxf4 27. Nf6+ Kf8 28. Nxh7+ Kg8 29. Qxf4 c4 30. Qg5 Qe7 31. Qg3 Nd3 32. Bxd3 cxd3 33. Ng5 Bxd5 34. Qxd3 Be4 35.
Nxe4 Qxe4 36. Qxe4 Rxe4 37. Rxd6 a5 38. g3 Re2 39. Rd5 Rxb2 40. Rxa5 Ra2 41. h5 Kh7 42. Ra7 f6 43. g4 Kh6 44. Kg2 Rc2 45. Kg3 Rc1 46. f3 Rb1 47. Kf4 Re1 48. Ra8 Kh7 49. a4 Rc1 50. a5 Ra1 51. a6 Ra4+ 52. Kf5 Ra3 53. f4 Ra5+ 54. Ke6 Ra4 55. a7 g6 56.
hxg6+ Kg7 57. f5 Ra5 58. Kd6 Ra6+ 59. Kd5 Ra5+ 60. Kc6 Ra1 61. Rb8 Rxa7 62. Rb7+ Rxb7 63. Kxb7 Kh6 64. Kc7 Kg7 65. Kd7 Kh6 66. Ke7 Kg5 67. g7 Kxg4 68. g8=Q+ Kxf5 69. Qg7 1-0